[Event "LTU-ch Women 2020"]
[Site "Vilnius"]
[Date "2020.11.20"]
[Round "1.4"]
[White "Plutaite, Ausra"]
[Black "Sulikiene, Kristina"]
[Result "1-0"]
[ECO "C42"]
[WhiteElo "1400"]
[BlackElo "1892"]
[Annotator "NA RC"]
[PlyCount "61"]
[EventDate "2020.11.20"]
[EventType "swiss"]
[EventCountry "LTU"]
[SourceTitle "playchess.com"]
[Source "ChessBase"]
[SourceQuality "1"]
[TimeControl "40/5400+30:1800+30"]

1. e4 e5 2. Nf3 Nf6 3. Nxe5 d6 4. Nf3 Nxe4 5. d3 Nf6 6. d4 Be7 7. Bd3 O-O 8. O-O Bg4 {[%emt 0:00:24] 8...c5 is the fancy move.} 9. Bg5 h6 10. Bh4 Nc6 11. c3 {[%emt 0:00:13] [#]} d5 $146 ({Predecessor:} 11... Re8 12. Re1 Nh7 13. Bxe7 Rxe7 14. Nbd2 Ng5 15. Rxe7 Qxe7 16. h3 Bh5 17. Kf1 Qf6 {½-½ (62) Jankovic,J (1956)-Havran,M (2101) Belgrade 2015}) 12. Nbd2 Ne4 13. Bxe7 Qxe7 14. Re1 f5 15. Qb3 Qd7 16. Nxe4 fxe4 17. Bxe4 Be6 18. Bd3 Rxf3 19. gxf3 Rf8 20. Re3 Bh3 21. Rae1 Qd8 22. f4 Bc8 23. Be4 Ne7 $18 24. Bf3 Rf7 25. Bxd5 Qxd5 26. Rxe7 Qxb3 27. axb3 Rxf4 28. Re8+ Rf8 29. R1e7 c6 30. Rxf8+ Kxf8 31. Rc7 1-0

[Event "LTU-ch Women 2020"]
[Site "Vilnius"]
[Date "2020.11.20"]
[Round "1.5"]
[White "Perminaite, Guoda"]
[Black "Sitkauskaite, Ieva"]
[Result "1-0"]
[ECO "B76"]
[WhiteElo "1757"]
[BlackElo "1367"]
[Annotator "NA RC"]
[PlyCount "59"]
[EventDate "2020.11.20"]
[EventType "swiss"]
[EventCountry "LTU"]
[SourceTitle "playchess.com"]
[Source "ChessBase"]
[SourceQuality "1"]
[TimeControl "40/5400+30:1800+30"]

1. e4 c5 2. Nf3 g6 3. d4 cxd4 4. Nxd4 Bg7 5. Nc3 Nc6 6. Be3 d6 7. Qd2 Nf6 8. f3 O-O 9. O-O-O Bd7 10. Kb1 Rc8 11. g4 Ne5 12. Be2 Nc4 13. Bxc4 Rxc4 14. h4 h5 15. gxh5 Nxh5 16. Nb3 a5 17. Nd5 a4 18. Na5 Bc3 19. Nxc3 Qxa5 20. Nd5 Qd8 21. Bb6 Qe8 22. Qg5 f6 23. Qh6 Qf7 24. Rdg1 Be8 25. Rxg6+ Qxg6 26. Nxe7+ Kf7 27. Nxg6 Rg8 28. Qxh5 Kg7 29. Rg1 Bxg6 30. Qxg6+ 1-0

[Event "LTU-ch Women 2020"]
[Site "Vilnius"]
[Date "2020.11.21"]
[Round "2.1"]
[White "Bajoraite, Rita"]
[Black "Baginskaite, Kamile"]
[Result "0-1"]
[ECO "E10"]
[WhiteElo "1741"]
[BlackElo "2141"]
[Annotator "NA"]
[PlyCount "84"]
[EventDate "2020.11.20"]
[EventType "swiss"]
[EventCountry "LTU"]
[SourceTitle "playchess.com"]
[Source "ChessBase"]
[SourceQuality "1"]
[TimeControl "40/5400+30:1800+30"]

1. d4 Nf6 2. c4 e6 3. Nf3 d5 4. e3 Be7 5. Bd3 O-O 6. O-O b6 7. Nc3 Bb7 8. Re1 c5 9. cxd5 $11 cxd4 10. exd4 Nxd5 11. Ne4 Nd7 12. Bg5 N7f6 13. Qe2 Nb4 14. Nxf6+ Bxf6 15. Bxf6 Qxf6 16. Be4 Bxe4 17. Qxe4 Qg6 18. Ne5 Qxe4 19. Rxe4 Rac8 20. a3 Nd5 21. Re2 Rfd8 22. g3 Ne7 23. Rd1 Nf5 24. Red2 Rd5 25. f4 h5 26. Kf2 Nd6 27. Ke2 Ne4 28. Rd3 f6 29. Ke3 Nd6 30. Rc3 fxe5 31. fxe5 Nc4+ 32. Ke4 b5 33. a4 b4 34. Rb3 a5 35. Rf3 Nxb2 36. Rdf1 Nxa4 37. Rf7 Rcd8 38. Re7 Rxd4+ 39. Ke3 Rd3+ 40. Kf2 Rf8+ 41. Ke2 Rxf1 42. Kxd3 b3 0-1

[Event "LTU-ch Women 2020"]
[Site "Vilnius"]
[Date "2020.11.21"]
[Round "2.2"]
[White "Ravlusevic, Evelina"]
[Black "Sibajeva, Marija"]
[Result "1-0"]
[ECO "D02"]
[WhiteElo "1581"]
[BlackElo "1910"]
[Annotator "NA"]
[PlyCount "61"]
[EventDate "2020.11.20"]
[EventType "swiss"]
[EventCountry "LTU"]
[SourceTitle "playchess.com"]
[Source "ChessBase"]
[SourceQuality "1"]
[TimeControl "40/5400+30:1800+30"]

1. d4 d5 2. Nf3 Nf6 3. Bf4 g6 4. e3 Bg7 5. h3 O-O 6. Be2 c5 7. c3 Qb6 8. Qb3 c4 9. Qxb6 axb6 10. Nbd2 Nc6 11. Ne5 Nd7 12. Nxd7 Bxd7 13. Bf3 Ra5 14. b4 cxb3 15. Nxb3 Ra3 16. Bxd5 Rfa8 17. O-O e6 18. Bf3 Bf8 19. Bc7 b5 20. e4 Rc8 21. Bb6 Nb8 22. Rfc1 Bh6 23. Rc2 b4 24. c4 Ba4 25. Rb2 Rxc4 26. Na5 Rc2 27. Rxb4 Bf4 28. Bd1 Bd2 29. Rxa4 Rxa4 30. Bxc2 Bxa5 31. Bxa4 1-0

[Event "LTU-ch Women 2020"]
[Site "Vilnius"]
[Date "2020.11.21"]
[Round "2.3"]
[White "Plutaite, Ausra"]
[Black "Perminaite, Guoda"]
[Result "1/2-1/2"]
[ECO "C54"]
[WhiteElo "1400"]
[BlackElo "1757"]
[Annotator "NA"]
[PlyCount "116"]
[EventDate "2020.11.20"]
[EventType "swiss"]
[EventCountry "LTU"]
[SourceTitle "playchess.com"]
[Source "ChessBase"]
[SourceQuality "1"]
[TimeControl "40/5400+30:1800+30"]

1. e4 e5 2. Nf3 Nc6 3. d4 exd4 4. Bc4 Bc5 5. c3 Nf6 6. cxd4 Bb4+ 7. Bd2 Bxd2+ 8. Nbxd2 d5 9. exd5 Nxd5 10. Qb3 Nce7 11. O-O O-O 12. Rfe1 c6 13. Ne4 h6 14. Ne5 Qb6 15. Nc5 Qxb3 16. axb3 Rd8 17. g3 Kf8 18. Re2 Nc7 19. Nxf7 Rxd4 20. Rae1 Ned5 21. Nd6 Bh3 22. Bxd5 Rxd5 23. Ncxb7 Kg8 24. Re7 Nb5 25. Ne8 Nd4 26. Kh1 Nf3 27. Rc1 Kf8 28. Re3 Rxe8 29. Rxf3+ Kg8 30. Kg1 Re7 31. g4 Bxg4 32. Rg3 Bf5 33. Nc5 g6 34. Na4 Rd6 35. Rgc3 Rc7 36. Nc5 Kf7 37. Na6 Rb7 38. Rxc6 Rxc6 39. Rxc6 Rxb3 40. Rc7+ Kf6 41. Rxa7 Rxb2 42. Nc5 Rc2 43. Nb3 Rc4 44. Nd2 Rg4+ 45. Kh1 Rd4 46. Ra2 Be6 47. Rb2 Kf5 48. f3 Bd5 49. Kg2 Kf4 50. Ne4 g5 51. h3 Ra4 52. Rd2 Ra5 53. Rd4 Ra2+ 54. Nf2+ Ke5 55. Rb4 h5 56. Kg3 Ra3 57. Ne4 Bxe4 58. Rxe4+ Kf5 1/2-1/2

[Event "LTU-ch Women 2020"]
[Site "Vilnius"]
[Date "2020.11.21"]
[Round "2.5"]
[White "Sulikiene, Kristina"]
[Black "Sitkauskaite, Ieva"]
[Result "1-0"]
[ECO "B23"]
[WhiteElo "1892"]
[BlackElo "1367"]
[Annotator "NA"]
[PlyCount "95"]
[EventDate "2020.11.20"]
[EventType "swiss"]
[EventCountry "LTU"]
[SourceTitle "playchess.com"]
[Source "ChessBase"]
[SourceQuality "1"]
[TimeControl "40/5400+30:1800+30"]

1. e4 c5 2. Nc3 e6 3. g3 d5 4. Bg2 Nf6 5. e5 Nfd7 6. f4 Nc6 7. Nf3 Be7 8. O-O O-O 9. h3 a6 10. Kh2 b5 11. d3 Bb7 12. Bd2 Qb6 13. Qe2 b4 14. Nd1 a5 15. Nf2 a4 16. g4 b3 17. axb3 axb3 18. c3 Ra2 19. Rab1 Qc7 20. g5 Nb6 21. Ng4 Na4 22. Be1 Ba6 23. Rg1 c4 24. d4 Ba3 25. Qf2 Bxb2 26. Qh4 h6 27. Nf6+ Kh8 28. gxh6 g6 29. h7 Qd8 30. Qh6 Ne7 31. Nd7 Re8 32. Ng5 Rf8 33. Nxf8 Qe8 34. Nd7 Nf5 35. Qf8+ Qxf8 36. Nxf8 Nh6 37. Bh4 Kg7 38. Ngxe6+ fxe6 39. Bf6+ Kxf8 40. h8=Q+ Ng8 41. Qg7+ Ke8 42. Qxg8+ Kd7 43. Qd8+ Kc6 44. Qd6+ Kb7 45. Qxe6 Bxc3 46. Qxd5+ Kb6 47. Bd8+ Ka7 48. Qa8# 1-0

[Event "LTU-ch Women 2020"]
[Site "Vilnius"]
[Date "2020.11.22"]
[Round "3.4"]
[White "Bajoraite, Rita"]
[Black "Sulikiene, Kristina"]
[Result "1-0"]
[ECO "E11"]
[WhiteElo "1741"]
[BlackElo "1892"]
[Annotator "NA"]
[PlyCount "191"]
[EventDate "2020.11.20"]
[EventType "swiss"]
[EventCountry "LTU"]
[SourceTitle "playchess.com"]
[Source "ChessBase"]
[SourceQuality "1"]
[TimeControl "40/5400+30:1800+30"]

1. d4 Nf6 2. c4 e6 3. Nf3 Bb4+ 4. Bd2 c5 5. e3 O-O 6. Bd3 Nc6 7. O-O d6 8. Bxb4 cxb4 9. Nbd2 e5 10. Ne4 Bg4 11. d5 {[%emt 0:09:18] [#]} Nxe4 $146 ({Predecessor:} 11... Nb8 12. Ng3 Na6 13. Bf5 Bxf5 14. Nxf5 Qd7 15. N3h4 g6 16. f4 Rae8 17. fxe5 Rxe5 {½-½ (35) Amura,C (2329)-Paridar,S (2242) Khanty-Mansiysk 2010}) 12. Bxe4 Ne7 $2 {[%emt 0:02:56] [#]} ({Black should try} 12... Nb8 $11 13. h3 Bxf3 14. Bxf3 (14. Qxf3 Nd7 $11) 14... Qc7) 13. Bxh7+ $1 Kh8 14. Bc2 ({Better is} 14. Bd3) 14... f5 15. h3 Bh5 16. Qd2 (16. g4 $5 fxg4 17. Nh2 $14) 16... Bxf3 17. gxf3 Ng6 18. Kh2 Nh4 19. Bd1 f4 ({But not} 19... Qg5 $6 20. Rg1 $16) 20. Rg1 a5 (20... Rc8 $11) 21. Rg4 Qf6 22. exf4 exf4 {[%emt 0:00:22] [#]} (22... Qh6 $14) 23. Qd3 $1 Rae8 24. Bc2 Qh6 25. Rag1 Re7 26. c5 dxc5 27. d6 Rd7 28. Qe4 b5 29. Rd1 c4 30. Qe7 $4 (30. Rd5 $18 {and all is fine.}) 30... Nxf3+ $2 (30... Rxe7 $19 31. dxe7 Rg8) 31. Kg2 Rxe7 32. dxe7 Rg8 33. Kxf3 Qxh3+ (33... g5 $5 34. h4 $8 Qe6 35. hxg5 Re8 36. Rh4+ Kg8 $11) 34. Kxf4 {[%emt 0:00:19] [#]} g5+ $1 35. Kf5 Re8 36. Kxg5 Rxe7 $2 (36... Kg7 $1 $11 {and Black is okay.} 37. Rdg1 Rxe7 38. Kf4+ Kf8 39. Rg8+ Kf7 40. R8g7+ Kf8 41. Rg8+ Kf7 42. R8g7+ Kf8 43. Rg8+) 37. Rh4+ Qxh4+ 38. Kxh4 Re2 (38... Re5 $142 39. Rd2 c3) 39. Rd8+ $2 ({White should try} 39. Kg5 $18 Kg8 40. Rd8+ Kg7 41. Bf5 Rxb2 42. Rd7+ Kf8 43. Kf6) 39... Kg7 40. Bf5 ({Of course not} 40. Rd7+ Kf6 $17) 40... Rxf2 (40... Kf6 $1 $11 41. Kg4 (41. Rf8+ Ke7 $15) 41... Rxb2) 41. Kg5 Rg2+ 42. Bg4 c3 43. Rd7+ Kg8 44. bxc3 bxc3 45. Rc7 b4 {[%emt 0:00:00] [#]} 46. Kf4 (46. Kf5 $1 $16) 46... a4 (46... Kf8 $11) 47. Bf5 $16 Rd2 48. Ke3 Kf8 49. Rc4 Rb2 50. Bd7 a3 51. Ba4 Ke7 52. Bb3 Rh2 53. Rxb4 Rh3+ 54. Ke2 Kd6 55. Kd1 Kc5 56. Rc4+ Kb5 57. Kc2 Rh2+ 58. Kxc3 Rh3+ 59. Kc2 Rh2+ 60. Kb1 Rh1+ 61. Rc1 Rh2 62. Bc2 Kb4 63. Bd3 Rb2+ 64. Ka1 Rd2 65. Rc4+ Ka5 66. Bc2 Rh2 67. Be4 Rf2 68. Kb1 Rb2+ 69. Ka1 Rf2 70. Bd3 Rd2 71. Bc2 Kb5 72. Bb3 Rg2 73. Kb1 Rg1+ 74. Rc1 Rg4 75. Rd1 Kb4 76. Kc2 Rh4 77. Rd2 Rg4 78. Bd5 Rh4 79. Re2 Kc5 80. Be6 Kb4 81. Bf5 Rc4+ 82. Kd2 Rc7 83. Re4+ Ka5 84. Kd3 Rc5 85. Bd7 Rc1 86. Ra4+ Kb6 87. Be6 Rg1 88. Rb4+ Ka5 89. Rb3 Rd1+ 90. Kc4 Rc1+ 91. Rc3 Re1 92. Kc5 Re5+ 93. Bd5 Ka4 94. Rb3 Re1 95. Rb8 Rc1+ 96. Bc4 1-0

[Event "LTU-ch Women 2020"]
[Site "Vilnius"]
[Date "2020.11.22"]
[Round "3.5"]
[White "Sukyte, Kotryna"]
[Black "Maciulaityte, Barbora"]
[Result "0-1"]
[ECO "B24"]
[WhiteElo "1405"]
[BlackElo "1696"]
[Annotator "NA RC"]
[PlyCount "76"]
[EventDate "2020.11.20"]
[EventType "swiss"]
[EventCountry "LTU"]
[SourceTitle "playchess.com"]
[Source "ChessBase"]
[SourceQuality "1"]
[TimeControl "40/5400+30:1800+30"]

1. e4 c5 2. Nc3 Nc6 3. g3 g6 4. Bg2 Bg7 5. d3 e6 6. Be3 d6 7. Nge2 Nge7 8. Qd2 Nd4 9. Nd1 Nxe2 10. Qxe2 O-O 11. O-O Rb8 12. f4 b5 13. g4 f5 14. gxf5 exf5 15. e5 Be6 16. d4 Bc4 17. Qf2 Bxf1 18. Qxf1 cxd4 19. Bxd4 dxe5 20. Bxa7 Rc8 21. Qxb5 e4 22. c3 Nd5 23. Qf1 Qc7 24. Qf2 Nxf4 25. Bf1 Nd5 26. Bd4 f4 27. Bxg7 Qxg7 28. c4 e3 29. Qf3 Ne7 30. Rb1 Qd4 31. Nc3 e2+ 32. Qf2 exf1=Q+ 33. Kxf1 Qxc4+ 34. Kg1 Nd5 35. Nxd5 Qxd5 36. a4 Qd3 37. Re1 Rc2 38. Qb6 Qd5 0-1

[Event "LTU-ch Women 2020"]
[Site "Vilnius"]
[Date "2020.11.22"]
[Round "4.1"]
[White "Perminaite, Guoda"]
[Black "Baginskaite, Kamile"]
[Result "0-1"]
[ECO "B92"]
[WhiteElo "1757"]
[BlackElo "2141"]
[Annotator "NA"]
[PlyCount "70"]
[EventDate "2020.11.20"]
[EventType "swiss"]
[EventCountry "LTU"]
[SourceTitle "playchess.com"]
[Source "ChessBase"]
[SourceQuality "1"]
[TimeControl "40/5400+30:1800+30"]

1. e4 c5 2. Nf3 d6 3. d4 cxd4 4. Nxd4 Nf6 5. Nc3 a6 6. Be2 e5 7. Nb3 Be7 8. O-O O-O 9. Be3 Be6 10. Qd2 b5 11. Bf3 Nbd7 12. Rfd1 Qc7 13. Bg5 b4 14. Ne2 a5 15. c3 Qb7 16. Nbc1 h6 17. Bxf6 Nxf6 18. cxb4 axb4 19. Nd3 Rfb8 20. b3 Nxe4 21. Qe3 d5 22. Bxe4 dxe4 23. Nc5 Bxc5 24. Qxc5 f6 25. Ng3 Rc8 26. Qe3 f5 27. Qd2 Qb6 28. Qb2 Rc3 29. Ne2 Rc5 30. Rac1 Rca5 31. Ra1 e3 32. f3 f4 33. Rd3 Qa6 34. Nc1 Bf5 35. Rd1 Rc8 0-1

[Event "LTU-ch Women 2020"]
[Site "Vilnius"]
[Date "2020.11.22"]
[Round "4.2"]
[White "Maciulaityte, Barbora"]
[Black "Sibajeva, Marija"]
[Result "0-1"]
[ECO "B40"]
[WhiteElo "1696"]
[BlackElo "1910"]
[Annotator "NA"]
[PlyCount "110"]
[EventDate "2020.11.20"]
[EventType "swiss"]
[EventCountry "LTU"]
[SourceTitle "playchess.com"]
[Source "ChessBase"]
[SourceQuality "1"]
[TimeControl "40/5400+30:1800+30"]

1. e4 c5 2. Nf3 e6 3. c3 d5 4. exd5 Qxd5 5. d4 Nf6 6. Be3 cxd4 7. cxd4 Bb4+ 8. Nc3 O-O 9. Bd3 b6 10. O-O Qd8 11. a3 Be7 12. Qe2 Bb7 13. Rfd1 Nbd7 14. Bc4 Qc7 15. d5 exd5 16. Nxd5 Nxd5 17. Bxd5 Bxd5 18. Rxd5 Nf6 19. Rd3 Rfe8 20. Qd2 Ne4 21. Qd1 Rad8 22. Rc1 Qb8 23. h3 Bc5 24. Nd4 Qe5 25. b4 Bd6 26. Nf3 Qb5 27. Rd5 Qxd5 28. Qxd5 Bh2+ 29. Kxh2 Rxd5 30. Rc7 Ra8 31. Re7 Nf6 32. Ne5 Re8 33. Nc6 Rd7 34. Rxd7 Nxd7 35. Nxa7 Ra8 36. Nb5 f6 37. Kg3 Ne5 38. Bxb6 Rb8 39. Bc5 Rxb5 40. a4 Rxc5 41. bxc5 Nc6 42. Kf4 Kf7 43. Ke4 Ke6 44. g4 g6 45. f3 f5+ 46. gxf5+ gxf5+ 47. Kf4 Kf6 48. Ke3 Ke5 49. Kd3 Na5 50. Kc3 Kd5 51. Kb4 Nb7 52. a5 Nxa5 53. Kb5 Nc6 54. f4 Nd4+ 55. Kb4 Ne6 0-1

[Event "LTU-ch Women 2020"]
[Site "Vilnius"]
[Date "2020.11.22"]
[Round "4.3"]
[White "Ravlusevic, Evelina"]
[Black "Bajoraite, Rita"]
[Result "1/2-1/2"]
[ECO "E91"]
[WhiteElo "1581"]
[BlackElo "1741"]
[Annotator "NA"]
[PlyCount "155"]
[EventDate "2020.11.20"]
[EventType "swiss"]
[EventCountry "LTU"]
[SourceTitle "playchess.com"]
[Source "ChessBase"]
[SourceQuality "1"]
[TimeControl "40/5400+30:1800+30"]

1. d4 Nf6 2. Nf3 g6 3. c4 Bg7 4. Nc3 d6 5. e4 O-O 6. Be2 Bg4 7. Be3 Bxf3 8. Bxf3 c6 9. O-O Nbd7 10. Be2 e5 11. dxe5 dxe5 12. Qb3 Qc7 13. Rad1 Rfe8 14. Rd2 Bf8 15. Rfd1 Nc5 16. Qc2 Ne6 17. a3 Bc5 18. Bxc5 Nxc5 19. b4 Ne6 20. Qa2 Nd4 21. c5 a5 22. Qb2 axb4 23. axb4 b6 24. cxb6 Qxb6 25. Bc4 Reb8 26. Rb1 Ra7 27. Qc1 Rba8 28. Rdb2 Ra3 29. h3 Ne8 30. b5 Nd6 31. bxc6 Qc5 32. Nb5 Qxc4 33. Nxd6 Qxc6 34. Rb8+ Kg7 35. Qxc6 Nxc6 36. R8b7 Nd8 37. Re7 Ra1 38. Rxa1 Rxa1+ 39. Kh2 Kf6 40. Re8 Ne6 41. Rb8 Ra2 42. Rb7 Nf4 43. Kg3 Nh5+ 44. Kf3 Ra3+ 45. Kg4 Nf4 46. Ne8+ Ke6 47. Kg5 Ra2 48. Ng7+ Kd6 49. Rxf7 Rxf2 50. Ne8+ Ke6 51. Rxh7 Rxg2+ 52. Kh6 Nxh3 53. Ra7 Nf4 54. Ra6+ Ke7 55. Nc7 g5 56. Ra5 Kd7 57. Nd5 Nxd5 58. Rxd5+ Ke6 59. Rd8 Rg4 60. Re8+ Kd6 61. Kg6 Rxe4 62. Kxg5 Rf4 63. Rd8+ Kc5 64. Rd7 Kc4 65. Rd8 Rf3 66. Kg4 e4 67. Rc8+ Kd3 68. Ra8 Rf2 69. Ra3+ Ke2 70. Ra2+ Kf1 71. Ra1+ Ke2 72. Ra2+ Ke3 73. Ra3+ Kd4 74. Ra4+ Kd5 75. Ra5+ Kd6 76. Ra6+ Kd7 77. Ra7+ Kc6 78. Ra6+ 1/2-1/2

[Event "LTU-ch Women 2020"]
[Site "Vilnius"]
[Date "2020.11.22"]
[Round "4.6"]
[White "Sitkauskaite, Ieva"]
[Black "Sukyte, Kotryna"]
[Result "1-0"]
[ECO "B03"]
[WhiteElo "1367"]
[BlackElo "1405"]
[Annotator "NA"]
[PlyCount "115"]
[EventDate "2020.11.20"]
[EventType "swiss"]
[EventCountry "LTU"]
[SourceTitle "playchess.com"]
[Source "ChessBase"]
[SourceQuality "1"]
[TimeControl "40/5400+30:1800+30"]

1. e4 Nf6 2. e5 Nd5 3. c4 Nb6 4. d4 d6 5. exd6 cxd6 6. b3 g6 7. Bb2 Bg7 8. Nf3 O-O 9. Be2 Nc6 10. O-O Bf5 11. Nc3 e5 12. d5 Ne7 13. Nh4 Bd7 14. Ne4 Nf5 15. Nf3 Bc8 16. Rc1 Nd7 17. a4 Nf6 18. Nfd2 Nxe4 19. Nxe4 Qb6 20. Ba3 Nd4 21. Bxd6 Rd8 22. b4 a5 23. Bc5 Qc7 24. Bxd4 exd4 25. b5 Bf5 26. Nd2 Bh6 27. g3 Qc5 28. Nb3 Qb4 29. Ra1 Bg7 30. Ra2 d3 31. Bxd3 Bxd3 32. Qxd3 b6 33. Nd4 Bxd4 34. Qxd4 Rab8 35. Rc1 Rd6 36. Qc3 Qc5 37. Qa3 Rc8 38. Qxc5 Rxc5 39. Rac2 Kg7 40. f4 Kf6 41. Kf2 Rd8 42. Kf3 Ke7 43. Ke4 Kd6 44. Kd4 Re8 45. Rf1 Rec8 46. Kd3 Re8 47. Rcc1 Rc7 48. Rfe1 Rce7 49. Rxe7 Rxe7 50. Rc2 Kc5 51. Re2 Rc7 52. Kc3 h5 53. Re8 Kd6 54. Rd8+ Kc5 55. Rb8 f5 56. Re8 Kd6 57. Re6+ Kd7 58. Rxb6 1-0

[Event "LTU-ch Women 2020"]
[Site "Vilnius"]
[Date "2020.11.23"]
[Round "5.3"]
[White "Sulikiene, Kristina"]
[Black "Ravlusevic, Evelina"]
[Result "0-1"]
[ECO "B23"]
[WhiteElo "1892"]
[BlackElo "1581"]
[Annotator "NA"]
[PlyCount "96"]
[EventDate "2020.11.20"]
[EventType "swiss"]
[EventCountry "LTU"]
[SourceTitle "playchess.com"]
[Source "ChessBase"]
[SourceQuality "1"]
[TimeControl "40/5400+30:1800+30"]

1. e4 c5 2. Nc3 e6 3. g3 Nc6 4. Bg2 Nf6 5. d3 d5 6. Bg5 d4 7. Nce2 Be7 8. Nf3 e5 9. O-O O-O 10. h3 Ne8 11. Bxe7 Qxe7 12. Kh2 Nd6 13. g4 c4 14. Ng3 g6 15. Qd2 cxd3 16. cxd3 a5 17. Qh6 Ra6 18. Rg1 Rb6 19. b3 a4 20. Bf1 f6 21. Rb1 axb3 22. axb3 Be6 23. Nf5 Bxf5 24. gxf5 Qg7 25. Qd2 Kf7 26. b4 Ke7 27. fxg6 hxg6 28. Nh4 g5 29. b5 Qh7 30. Nf5+ Nxf5 31. exf5 Qxf5 32. Qc2 Nb8 33. Qc7+ Nd7 34. Rb2 Rh8 35. f3 Qxf3 36. Qc1 Qf4+ 37. Qxf4 gxf4 38. Rg7+ Ke6 39. Be2 f5 40. Bf3 Nf6 41. Rg6 Kf7 42. Rbg2 Ng4+ 43. R6xg4 fxg4 44. Bxg4 Rxb5 45. Rc2 Kf6 46. Kg2 Ra8 47. Kf2 Ra3 48. Rd2 Rbb3 0-1

[Event "LTU-ch Women 2020"]
[Site "Vilnius"]
[Date "2020.11.23"]
[Round "5.4"]
[White "Maciulaityte, Barbora"]
[Black "Perminaite, Guoda"]
[Result "1-0"]
[ECO "C76"]
[WhiteElo "1696"]
[BlackElo "1757"]
[Annotator "NA"]
[PlyCount "113"]
[EventDate "2020.11.20"]
[EventType "swiss"]
[EventCountry "LTU"]
[SourceTitle "playchess.com"]
[Source "ChessBase"]
[SourceQuality "1"]
[TimeControl "40/5400+30:1800+30"]

1. e4 e5 2. Nf3 Nc6 3. Bb5 a6 4. Ba4 d6 5. c3 Bd7 6. d4 g6 7. O-O Bg7 8. Be3 Nge7 9. Nbd2 h6 10. Rc1 O-O 11. h3 b5 12. Bb3 Kh7 13. Re1 f5 14. dxe5 dxe5 15. Bc5 f4 16. Bd5 Rb8 17. a4 Rf6 18. axb5 axb5 19. Ra1 g5 20. Qc2 Qe8 21. Nh2 Qg6 22. Bxc6 Nxc6 23. Qd3 Qf7 24. Ndf3 Rg6 25. Red1 Be6 26. Ra6 Qe8 27. Rda1 Bc4 28. Qc2 Qg8 29. Nd2 Bf7 30. Nhf3 Qe8 31. b4 Bf6 32. Nh2 h5 33. Kf1 Qd7 34. Ra8 Rxa8 35. Rxa8 g4 36. Qd1 Bc4+ 37. Ke1 gxh3 38. Qxh5+ Rh6 39. Qf3 hxg2 40. Qxg2 Qh3 41. Qxh3 Rxh3 42. Nxc4 bxc4 43. Ng4 Bg7 44. b5 Nd4 45. cxd4 exd4 46. e5 d3 47. Kd2 Kg6 48. Rg8 Kf7 49. Rc8 Rh4 50. Rxc7+ Kg6 51. f3 Rh5 52. Rc6+ Kf5 53. e6 Rh1 54. Bb4 Ra1 55. Rxc4 Kxe6 56. Kxd3 Rd1+ 57. Ke4 1-0

[Event "LTU-ch Women 2020"]
[Site "Vilnius"]
[Date "2020.11.23"]
[Round "5.5"]
[White "Plutaite, Ausra"]
[Black "Sitkauskaite, Ieva"]
[Result "1-0"]
[ECO "B23"]
[WhiteElo "1400"]
[BlackElo "1367"]
[Annotator "NA"]
[PlyCount "79"]
[EventDate "2020.11.20"]
[EventType "swiss"]
[EventCountry "LTU"]
[SourceTitle "playchess.com"]
[Source "ChessBase"]
[SourceQuality "1"]
[TimeControl "40/5400+30:1800+30"]

1. e4 c5 2. Nc3 e6 3. f4 d5 4. Nf3 Nf6 5. Bb5+ Nc6 6. Bxc6+ bxc6 7. e5 Nd7 8. d3 Be7 9. O-O O-O 10. Re1 Qb6 11. Qe2 c4+ 12. d4 c5 13. Be3 Qxb2 14. Na4 Qb4 15. Nxc5 Nxc5 16. dxc5 Bxc5 17. Kh1 Be7 18. Nd4 Qb7 19. c3 Bd7 20. Bf2 Rab8 21. f5 exf5 22. e6 fxe6 23. Nxe6 Rf7 24. Bg3 Rc8 25. Rab1 Qa6 26. Nc7 Qc6 27. Nb5 Bc5 28. Bf2 Re8 29. Qd2 Rxe1+ 30. Qxe1 Bxf2 31. Qxf2 a6 32. Nd4 Qf6 33. Rb8+ Rf8 34. Rxf8+ Kxf8 35. h3 Kf7 36. Qf4 g6 37. Qc7 Qe7 38. Nf3 Bb5 39. Qb6 Qe6 40. Ng5+ 1-0

[Event "LTU-ch Women 2020"]
[Site "Vilnius"]
[Date "2020.11.24"]
[Round "6.1"]
[White "Sibajeva, Marija"]
[Black "Bajoraite, Rita"]
[Result "1-0"]
[ECO "B06"]
[WhiteElo "1910"]
[BlackElo "1741"]
[Annotator "ChessBase"]
[PlyCount "87"]
[EventDate "2020.11.20"]
[EventType "swiss"]
[EventCountry "LTU"]
[SourceTitle "playchess.com"]
[Source "ChessBase"]
[SourceQuality "1"]
[TimeControl "40/5400+30:1800+30"]

1. e4 d6 2. d4 g6 3. Nc3 Bg7 4. Be3 Nd7 5. Qd2 e5 6. Nf3 exd4 7. Nxd4 Ngf6 8. O-O-O Ne5 9. h3 Be6 10. Nxe6 fxe6 11. f4 Nc6 12. Bc4 Qe7 13. Rhe1 O-O-O 14. Bb5 Nb8 15. Bxa7 c6 16. Bf1 d5 17. Bb6 Rd7 18. e5 Ne4 19. Nxe4 dxe4 20. Qe3 Qb4 21. a3 Qa4 22. Qxe4 Rxd1+ 23. Kxd1 Qxe4 24. Rxe4 Nd7 25. Be3 b5 26. Rd4 Bh6 27. Rd6 Nxe5 28. Rxe6 Rd8+ 29. Ke1 Rd5 30. Kf2 Nf7 31. Rxc6+ Kd7 32. Rc5 Rxc5 33. Bxc5 Kc6 34. Be3 Nd6 35. Bd3 Kd5 36. b3 Bg7 37. Bxb5 Nxb5 38. c4+ Kc6 39. cxb5+ Kxb5 40. Bd2 Bf8 41. a4+ Kc5 42. b4+ Kc4 43. a5 Kb5 44. Kf3 1-0

[Event "LTU-ch Women 2020"]
[Site "Vilnius"]
[Date "2020.11.24"]
[Round "6.2"]
[White "Plutaite, Ausra"]
[Black "Baginskaite, Kamile"]
[Result "0-1"]
[ECO "B21"]
[WhiteElo "1400"]
[BlackElo "2141"]
[Annotator "ChessBase"]
[PlyCount "98"]
[EventDate "2020.11.20"]
[EventType "swiss"]
[EventCountry "LTU"]
[SourceTitle "playchess.com"]
[Source "ChessBase"]
[SourceQuality "1"]
[TimeControl "40/5400+30:1800+30"]

1. e4 c5 2. d4 cxd4 3. c3 dxc3 4. Nxc3 Nc6 5. Nf3 d6 6. Bc4 a6 7. O-O Nf6 8. e5 dxe5 9. Qxd8+ Nxd8 10. Nxe5 e6 11. Rd1 Be7 12. Bg5 Nd7 13. Bxe7 Kxe7 14. Nd3 b5 15. Nxb5 axb5 16. Bxb5 Nb7 17. Nb4 Na5 18. Rac1 Ra7 19. a3 Rd8 20. Rc3 Nb6 21. Rdc1 Bd7 22. Rc5 Nb3 23. Rc7 Rxc7 24. Rxc7 Kd6 25. Rc3 Bxb5 26. Rxb3 Rc8 27. Na2 Bc4 28. Rxb6+ Kc7 29. Rb4 Bxa2 30. f3 Rb8 31. Rf4 f5 32. b4 Ra8 33. g4 g5 34. Rd4 Rxa3 35. gxf5 exf5 36. Kf2 f4 37. h4 h6 38. b5 Re3 39. b6+ Kxb6 40. Rd6+ Kc5 41. Rxh6 Bd5 42. hxg5 Rxf3+ 43. Ke1 Rg3 44. Rf6 f3 45. g6 Kd4 46. Kf2 Rg2+ 47. Kf1 Be4 48. Rd6+ Ke3 49. Re6 Rxg6 0-1

[Event "LTU-ch Women 2020"]
[Site "Vilnius"]
[Date "2020.11.24"]
[Round "6.3"]
[White "Ravlusevic, Evelina"]
[Black "Maciulaityte, Barbora"]
[Result "1-0"]
[ECO "D00"]
[WhiteElo "1581"]
[BlackElo "1696"]
[Annotator "NA"]
[PlyCount "91"]
[EventDate "2020.11.20"]
[EventType "swiss"]
[EventCountry "LTU"]
[SourceTitle "playchess.com"]
[Source "ChessBase"]
[SourceQuality "1"]
[TimeControl "40/5400+30:1800+30"]

1. d4 d5 2. Bg5 g6 3. e3 Bg7 4. Nf3 Nf6 5. Bd3 c5 6. c3 O-O 7. Nbd2 b6 8. dxc5 bxc5 9. e4 Bb7 10. Bxf6 Bxf6 11. exd5 Bxd5 12. Be4 Nc6 13. Qc2 e6 14. O-O Qb6 15. Rfd1 Rab8 16. Bxd5 exd5 17. Rab1 Rfe8 18. Nb3 Rbd8 19. Qd2 a5 20. Qf4 Bg7 21. Nbd2 Re2 22. Ng5 f6 23. Qf3 Re7 24. Nh3 Ne5 25. Qg3 Rde8 26. Nb3 Nc4 27. Qd3 Qc6 28. g3 a4 29. Na1 g5 30. Nc2 Re2 31. b3 Nb6 32. Ne3 Rxa2 33. bxa4 c4 34. Qd4 Nxa4 35. Nf5 Qe6 36. Nxg7 Kxg7 37. Nxg5 Qf5 38. Qa7+ Kh6 39. Nf7+ Kg6 40. Nd6 Qe6 41. Nxe8 Qxe8 42. Qd4 Qe2 43. Rf1 Rd2 44. Qf4 Nxc3 45. Rbe1 Qh5 46. Qxd2 1-0